 Dungeon Crawl Stone Soup version 0.23.2-1-ga50397a (webtiles) character file.

Game seed: 10637228216293492964

687 Fang the Skirmisher (level 7, -1/44 HPs)
             Began as a Gargoyle Berserker on May 22, 2019.
             Was an Elder of Trog.
             Slain by a slave (2 damage)
             ... led by Pikel
             ... on level 5 of the Dungeon.
             The game lasted 00:04:59 (4079 turns).

Fang the Skirmisher (Gargoyle Berserker)            Turns: 4079, Time: 00:05:00

Health: -1/44      AC: 16    Str: 23    XL:     7   Next: 62%
Magic:  7/7        EV:  9    Int:  7    God:    Trog [****..]
Gold:   223        SH:  0    Dex:  9    Spells: 6/6 levels left

rFire    . . .     SeeInvis .   a - +0 war axe
rCold    . . .     Gourm    .   (no shield)
rNeg     + . .     Faith    .   b - +0 chain mail
rPois    ∞         Spirit   .   o - +2 hat
rElec    +         Reflect  .   (no cloak)
rCorr    .         Harm     .   (no gloves)
MR       .....                  (no boots)
Stlth    ..........             q - amulet of the acrobat
HPRegen  0.14/turn              p - ring of attention (curse)
MPRegen  0.10/turn              (no ring)

@: no status effects
A: negative energy resistance 1, electricity resistance, unbreathing,
petrification resistance, rot immunity, AC +4
a: Berserk, Trog's Hand, Brothers in Arms, Renounce Religion


You were on level 5 of the Dungeon.
You worshipped Trog.
Trog was greatly pleased with you.
You were near starving.

You visited 2 branches of the dungeon, and saw 6 of its levels.
You also visited: Sewer.

You collected 223 gold pieces.

Inventory:

Hand Weapons
 a - a +0 war axe (weapon)
Armour
 b - a +0 chain mail (worn)
 o - a +2 hat (worn)
Jewellery
 p - a cursed ring of attention (left hand)
 q - an amulet of the acrobat (around neck)
Wands
 i - a wand of digging (5)
 l - a wand of polymorph (7)
 n - a wand of random effects (16)
Scrolls
 d - 6 scrolls of identify {unknown}
 g - 3 scrolls of remove curse {unknown}
 j - a scroll of enchant weapon {unknown}
 m - 2 scrolls of enchant armour {unknown}
 t - 2 scrolls of teleportation {unknown}
Potions
 e - 3 potions of cancellation {unknown}
 f - a potion of haste {unknown}
 h - 6 potions of heal wounds {unknown}
 k - 6 potions of curing {unknown}
 r - a potion of invisibility {unknown}
 s - 2 potions of magic {unknown}
 u - a potion of might {unknown}
Comestibles
 c - 5 rations


   Skills:
 + Level 5.5 Fighting
 + Level 4.5 Axes
 + Level 4.9 Armour
 + Level 3.6 Dodging


You had 6 spell levels left.
You didn't know any spells.
Your spell library was empty.

Dungeon Overview and Level Annotations

Branches:
Dungeon (5/15)             Temple (1/1) D:4

Altars:
Fedhas
Makhleb

Annotations:
D:5 Pikel


Innate Abilities, Weirdness & Mutations

You are resistant to torment.
Your stone body is resilient. (AC +4)
You are immune to poison.
You resist negative energy. (rN+)
You are resistant to electric shocks. (rElec)
You can survive without breathing.
You are immune to petrification.
You are immune to rotting.


Message History

You're too hungry.
You slash Pikel!
Pikel is almost dead.
You slash the slave!
You kill the slave!
That felt strangely unrewarding.
You closely miss the slave. You barely miss the scorpion.
You closely miss the slave. The slave hits you but does no damage.
The scorpion stings you but does no damage.
Pikel hits you but does no damage. The slave hits you.
* * * LOW HITPOINT WARNING * * *
The slave hits you but does no damage.
You closely miss Pikel.
Pikel is almost dead.
You miss the crimson imp. You hit the slave. You closely miss the scorpion.
You barely miss the slave. The scorpion stings you.
* * * LOW HITPOINT WARNING * * *
Pikel hits you but does no damage. The crimson imp barely misses you.
The slave hits you.
You die...

#
..#..#######...
......s@p......
#..#.#pK5..##..
#.....# #.....#
......#
##.....#
......# #.....#


You could see Pikel, 2 slaves, a scorpion and a crimson imp.

Vanquished Creatures
  The ghost of MollyMolluskus the Charmwright, an amateur OpSk (D:3)
  2 slaves (D:5)
  2 scorpions (D:4)
  2 jellies (D:2)
  A centaur skeleton (D:4)
  A bullfrog skeleton (D:4)
  A hound (D:3)
  Jessica (D:3)
  A worker ant (D:4)
  10 adders
  4 river rats
  10 oozes (D:2)
  6 worms
  2 dart slugs (D:3)
  A leopard gecko (D:2)
  3 orcs
  A giant cockroach (D:1)
  8 goblins
  10 hobgoblins
  11 kobolds
  3 ball pythons
  5 bats
  11 frilled lizards
  16 rats
113 creatures vanquished.

Vanquished Creatures (others)
  2 fungi (D:2)
  7 toadstools (D:2)
9 creatures vanquished.

Grand Total: 122 creatures vanquished

Notes
Turn   | Place    | Note
-------+----------+-------------------------------------------
     0 | D:1      | Fang the Gargoyle Berserker began the quest for the Orb.
     0 | D:1      | Reached XP level 1. HP: 14/14 MP: 1/1
   128 | D:1      | Reached XP level 2. HP: 16/19 MP: 2/2
   732 | D:2      | Reached XP level 3. HP: 11/23 MP: 3/3
  1283 | D:2      | Reached ** piety under Trog
  1598 | D:2      | Reached XP level 4. HP: 29/29 MP: 4/4
  1601 | D:2      | Reached skill level 4 in Fighting
  1603 | D:2      | Reached XP level 5. HP: 25/33 MP: 5/5
  1896 | D:2      | Found a blossoming altar of Fedhas.
  1968 | D:3      | Noticed Jessica
  1976 | D:3      | Killed Jessica
  2133 | D:3      | Reached *** piety under Trog
  2228 | D:3      | Reached XP level 6. HP: 33/39 MP: 6/6
  2345 | D:3      | Found a runed translucent gate.
  2345 | D:3      | Found a runed translucent gate.
  2347 | D:3      | Noticed MollyMolluskus's ghost (amateur OpSk)
  2348 | D:3      | Found a runed translucent gate.
  2502 | D:3      | Found a burning altar of Makhleb.
  3087 | D:4      | Found a glowing drain.
  3092 | D:4      | Reached skill level 5 in Fighting
  3144 | Sewer    | Entered a sewer
  3307 | Sewer    | Reached XP level 7. HP: 40/44 MP: 7/7
  3388 | Sewer    | Reached **** piety under Trog
  3848 | D:4      | Found a staircase to the Ecumenical Temple.
  3856 | Temple   | Entered the Ecumenical Temple
  4013 | D:3      | Killed MollyMolluskus's ghost
  4066 | D:5      | Entered Level 5 of the Dungeon
  4066 | D:5      | Noticed Pikel
  4079 | D:5      | HP: 1/44 [scorpion (4)]
  4079 | D:5      | Slain by a slave

Skill      XL: |  1  2  3  4  5  6 |
---------------+-------------------+-----
Axes           | 3 4 |  4.5
Dodging        | 2 3 |  3.6
Armour         | 3 4 |  4.9
Fighting       | 4 5 |  5.5

Action                   |  1- 3 |  4- 6 |  7- 9 || total
-------------------------+-------+-------+-------++-------
Melee: Hand axe          |   147 |   242 |    56 ||   445
       Unarmed           |       |    17 |       ||    17
       War axe           |       |       |    20 ||    20
Invok: Berserk           |     1 |     1 |     1 ||     3
       Trog's Hand       |       |     1 |       ||     1
 Stab: Sleeping          |     2 |     1 |       ||     3
  Eat: Chunk             |     2 |     5 |     2 ||     9
       Ration            |       |     1 |       ||     1
Armor: Animal skin       |    53 |    30 |       ||    83
       Skin              |       |     2 |       ||     2
       Chain mail        |       |   101 |    52 ||   153
Dodge: Dodged            |   110 |   167 |    53 ||   330
